 Dungeon Crawl Stone Soup version 0.32-a0-172-gc5dd13f2a7 (webtiles) character file.

Game seed: 16540963725519789782

73 zazu2006 the Slicer (level 4, -2/34 HPs)
             Began as a Gnoll Wanderer on Feb 13, 2024.
             Killed from afar by a white imp (9 damage)
             ... with a puff of frost
             ... on level 5 of the Dungeon.
             The game lasted 00:04:32 (1135 turns).

zazu2006 the Slicer (Gnoll Wanderer)                Turns: 1135, Time: 00:04:33

Health: -2/34      AC:  2    Str: 11    XL:     4   Next: 27%
Magic:  8/8        EV: 11    Int: 12    God:
Gold:   93         SH:  0    Dex: 13    Spells: 8/9 levels left

rFire   . . .        a - +2 short sword
rCold   . . .        (no shield)
rNeg    . . .        e - +0 robe
rPois   .            (no helmet)
rElec   .            (no cloak)
rCorr   .            (no gloves)
SInv    .            (no boots)
Will    .....        h - amulet of regeneration
Stlth   ++           (no ring)
HPRegen 1.05/turn    (no ring)
MPRegen 0.11/turn

%: no passive effects
@: no status effects
A: fangs 1, strong nose, distributed training
a: no special abilities


You were on level 5 of the Dungeon.
You visited 2 branches of the dungeon, and saw 6 of its levels.

You collected 93 gold pieces.

Inventory:

Hand Weapons
 a - a +2 short sword (weapon)
 c - a +0 dagger
Missiles
 b - 13 poisoned darts (quivered)
Armour
 e - a +0 robe (worn)
Jewellery
 h - an amulet of regeneration (around neck)
Scrolls
 g - a scroll of amnesia
Potions
 d - a potion of curing
 f - 2 potions of haste {unknown}
 i - a potion of ambrosia {unknown}
 j - a potion of brilliance {unknown}
 l - a potion of berserk rage {unknown}


   Skills:
 + Level 2.7 Fighting
 + Level 8.5 Short Blades
 + Level 1.1 Long Blades
 + Level 1.1 Axes
 + Level 1.1 Maces & Flails
 + Level 1.1 Polearms
 + Level 1.1 Staves
 + Level 1.1 Ranged Weapons
 + Level 4.6 Throwing
 + Level 2.7 Armour
 + Level 1.1 Dodging
 + Level 1.1 Stealth
 + Level 1.1 Shields
 + Level 1.1 Unarmed Combat
 + Level 3.0 Spellcasting
 + Level 0.9 Conjurations
 + Level 0.9 Hexes
 + Level 0.9 Summonings
 + Level 0.9 Necromancy
 + Level 0.9 Translocations
 + Level 2.2 Fire Magic
 + Level 0.9 Ice Magic
 + Level 0.9 Air Magic
 + Level 0.9 Earth Magic
 + Level 0.9 Alchemy
 + Level 1.2 Invocations
 + Level 1.1 Evocations
 + Level 1.0 Shapeshifting


You had 8 spell levels left.
You knew the following spells:

 Your Spells              Type           Power      Damage    Failure   Level
a - Foxfire               Conj/Fire      20%        2x1d5     13%         1

Your spell library contained the following spells:

 Spells                   Type           Power      Damage    Failure   Level
 Lesser Beckoning         Tloc           8%         N/A       26%         2
 Volatile Blastmotes      Fire/Tloc      10%        2d10      36%         3
 Gell's Gravitas          Tloc           4%         N/A       45%         3
 Teleport Other           Tloc           4%         N/A       45%         3


Dungeon Overview and Level Annotations

Branches:
Dungeon (5/15)             Temple (1/1) D:4

Altars:
Ashenzari
Elyvilon
Gozag
Hepliaklqana
Makhleb
Nemelex Xobeh
Okawaru
Qazlal
Ru
Trog
Xom


Innate Abilities, Weirdness & Mutations

You have very sharp teeth.
Your uncanny sense of smell can sniff out nearby items.
Your experience applies equally to all skills.


Message History

The iguana is moderately wounded.
The iguana barely misses you.
Throw: 18 darts (poison)
Press: ? - help, Q - select action, (/) - cycle Shift-Dir - straight line, f/p - iguana
Aim: an iguana (heavily wounded, extremely poisoned, 61% to hit)
You throw a poisoned dart. The poisoned dart hits the iguana!
The iguana looks as sick as possible!
The iguana is heavily wounded.
Throw: 17 darts (poison)
Press: ? - help, Q - select action, (/) - cycle Shift-Dir - straight line, f - scorpion, p - iguana
Aim: a scorpion (57% to hit)
You throw a poisoned dart.
The poisoned dart barely misses the iguana.
The poisoned dart closely misses the scorpion.
The iguana bites you!
Throw: 16 darts (poison)
Press: ? - help, Q - select action, (/) - cycle Shift-Dir - straight line, f/p - scorpion
Aim: a scorpion (57% to hit)
You throw a poisoned dart. The poisoned dart hits the iguana.
The iguana looks as sick as possible!
The iguana is severely wounded.
The iguana bites you!
* * * LOW HITPOINT WARNING * * *
Throw: 15 darts (poison)
Press: ? - help, Q - select action, (/) - cycle Shift-Dir - straight line, f/p - scorpion
Aim: a scorpion (57% to hit)
You throw a poisoned dart. The poisoned dart hits the iguana.
The iguana looks as sick as possible!
The iguana is severely wounded.
The iguana closely misses you.
Throw: 14 darts (poison)
Press: ? - help, Q - select action, (/) - cycle Shift-Dir - straight line, f/p - scorpion
Aim: a scorpion (57% to hit)
You throw a poisoned dart.
The poisoned dart barely misses the iguana.
The poisoned dart hits the scorpion!
The scorpion is poisoned.
You kill the iguana!
The white imp gestures at you. The puff of frost hits you!
You die...

######
#....#
#...°#
#..§.#
#..☼°#
#######.°☼§#
#.°°§@(5☼°°+
##○####s○○.#
#.°°(#
+..§☼#
#...§#
##...# ##.#
..


You could see a scorpion (very poisoned) and a white imp.

Vanquished Creatures
  A hound (D:4)
  An iguana (D:5)
  A howler monkey zombie (D:4)
  An adder (D:4)
  A white imp (D:5)
  An orc (D:4)
  2 endoplasms
  A giant cockroach (D:1)
  A goblin (D:1)
  A hobgoblin (D:1)
  2 jackals (D:1)
  A ball python (D:4)
  4 kobolds
18 creatures vanquished.

Vanquished Creatures (others)
  59 foxfires
59 creatures vanquished.

Grand Total: 77 creatures vanquished

Notes
Turn   | Place    | Note
-------+----------+-------------------------------------------
     0 | D:1      | zazu2006 the Gnoll Wanderer began the quest for the Orb.
     0 | D:1      | zazu2006 set off with the following items: a +2 short
                  | sword, 15 poisoned darts, a +0 dagger, a potion of curing,
                  | a +0 robe; and the following spell memorised: Foxfire; and
                  | the following spells available to memorise: Volatile
                  | Blastmotes.
     0 | D:1      | Reached XP level 1. HP: 17/17 MP: 4/4
   316 | D:1      | Reached XP level 2. HP: 23/23 MP: 3/5
   620 | D:3      | Found a faded altar of an unknown god.
   774 | D:4      | Found a broken altar of Ashenzari.
   841 | D:4      | Reached XP level 3. HP: 28/28 MP: 1/7
   977 | D:4      | Reached skill level 1 in Long Blades
   977 | D:4      | Reached skill level 1 in Axes
   977 | D:4      | Reached skill level 1 in Maces & Flails
   977 | D:4      | Reached skill level 1 in Polearms
   977 | D:4      | Reached skill level 1 in Staves
   977 | D:4      | Reached skill level 1 in Ranged Weapons
   977 | D:4      | Reached skill level 1 in Dodging
   977 | D:4      | Reached skill level 1 in Stealth
   977 | D:4      | Reached skill level 1 in Shields
   977 | D:4      | Reached skill level 1 in Unarmed Combat
   977 | D:4      | Reached skill level 1 in Invocations
   977 | D:4      | Reached skill level 1 in Evocations
   979 | D:4      | Reached skill level 1 in Shapeshifting
   979 | D:4      | Reached XP level 4. HP: 33/34 MP: 2/8
  1006 | D:4      | Found a staircase to the Ecumenical Temple.
  1019 | Temple   | Entered the Ecumenical Temple
  1108 | D:5      | Entered Level 5 of the Dungeon
  1108 | D:5      | Noticed a scorpion
  1135 | D:5      | Killed from afar by a white imp

Illustrated notes

Levels and vault maps discovered:
D:1:      nicolae_arrival_washed_ashore, layout_basic,
          dreamdust_princess_bridge, st_stairs_3
D:2:      layout_basic, glass_columns_c, corexii_leaking_fountain
D:3:      layout_loops_cross, zin_purify, slow_altar_1, general_overflow_altar,
          dreamdust_ecumenical_altar_angels_and_demons
D:4:      layout_basic, ashenzari_altar_1, lemuel_zombie_altar_yredelemnul,
          kiku_gazebo_garden_becter, nicolae_overflow_hidden_temple,
          minmay_temple_entry_statues_pillars
D:5:      nicolae_cairo_tiling_large, layout_basic, lemuel_crystal_altar,
          uniq_ijyb, uniq_crazy_yiuf_cottage
Temple:   nicolae_temple_ecumenical_triangle

Skill      XL: |  1  2  3  4 |
---------------+-------------+-----
Fire Magic     | 2 |  2.2
Long Blades    | 1 |  1.1
Axes           | 1 |  1.1
Maces & Flails | 1 |  1.1
Polearms       | 1 |  1.1
Staves         | 1 |  1.1
Ranged Weapons | 1 |  1.1
Dodging        | 1 |  1.1
Stealth        | 1 |  1.1
Shields        | 1 |  1.1
Unarmed Combat | 1 |  1.1
Invocations    | 1 |  1.2
Evocations     | 1 |  1.1
Shapeshifting  | 1 |  1.0
Spellcasting   | 3 |  3.0
Fighting       | |  2.7
Short Blades   | |  8.5
Throwing       | |  4.6
Armour         | |  2.7
Conjurations   | |  0.9
Hexes          | |  0.9
Summonings     | |  0.9
Necromancy     | |  0.9
Translocations | |  0.9
Ice Magic      | |  0.9
Air Magic      | |  0.9
Earth Magic    | |  0.9
Alchemy        | |  0.9

Action                     |  1- 3 |  4- 6 || total
---------------------------+-------+-------++-------
  Melee: Short sword       |    10 |     9 ||    19
         Bite              |     1 |     1 ||     2
  Throw: Dart              |       |     9 ||     9
   Cast: Foxfire           |    33 |     4 ||    37
    Use: Scroll            |       |     2 ||     2
         Potion            |       |     2 ||     2
 Armour: Robe              |     3 |    11 ||    14
  Dodge: Dodged            |     4 |    12 ||    16

Table legend: (Time is in decaauts)
 A = Elapsed time spent in this place.
 B = Non-inter-level travel time spent in this place.
 C = Inter-level travel time spent in this place.
 D = Time resting spent in this place.
 E = Time spent auto-exploring this place.
 F = Levels seen in this place.
 G = Mean time per level.
                   A        B        C        D        E       F      G
               +--------+--------+--------+--------+--------+-----+--------+
         Total |   1124 |    985 |    139 |      0 |    790 |   6 |  187.3 |
       Dungeon |   1122 |    983 |    139 |      0 |    790 |   5 |  224.4 |
        Temple |      1 |      1 |      0 |      0 |      0 |   1 |    1.0 |
               +--------+--------+--------+--------+--------+-----+--------+

Top non-repeatable levels by time:
     D:4: 468 daAuts
     D:1: 389 daAuts
     D:2: 219 daAuts
     D:3: 23 daAuts
     D:5: 21 daAuts
  Temple: 1 daAuts
